 Dungeon Crawl Stone Soup version 0.19-a0-1827-g174f941 (webtiles) character file.

3978 Lochraine the Geomancer (level 10, -19/59 HPs)
             Began as a Gargoyle Earth Elementalist on Oct 5, 2016.
             Was an Elder of Cheibriados.
             Demolished by a death yak (23 damage)
             ... on level 8 of the Dungeon on Oct 7, 2016.
             The game lasted 00:49:20 (7439 turns).

Lochraine the Geomancer (GrEE)                      Turns: 7439, Time: 00:49:21

Health: -19/59     AC: 15    Str: 22      XL:     10   Next: 22%
Magic:  8/16       EV: 14    Int: 27      God:    Cheibriados [****..]
Gold:   448        SH:  0    Dex: 18 (19) Spells: 5 memorised, 2 levels left

rFire  + . .     SeeInvis .     y - +1 lajatang
rCold  + . .     Gourm    .     X - +1 leather armour {rF+}
rNeg   + . .     Faith    .     (shield currently unavailable)
rPois  ∞         Spirit   .     u - +1 helmet
rElec  +         Dismiss  +     E - +1 cloak
rCorr  +         Reflect  .     (no gloves)
MR     .....     Harm     .     (no boots)
Stlth  ++........               I - amulet of dismissal
                                r - ring of resist corrosion
                                R - ring of protection from cold

@: very slow
A: negative energy resistance 1, electricity resistance, unbreathing,
petrification resistance, rot immunity, AC +7
a: Bend Time, Temporal Distortion, Slouch, Renounce Religion


You were on level 8 of the Dungeon.
You worshipped Cheibriados.
Cheibriados was greatly pleased with you.
You were hungry.

You visited 1 branch of the dungeon, and saw 8 of its levels.

You collected 448 gold pieces.

Inventory:

Hand Weapons
 a - a +6 dagger
 j - a +5 dire flail of protection
 y - a +1 lajatang (weapon)
 G - a +2 short sword of flaming
 V - the +8 quarterstaff of Umaofal {crush, +Inv MP-9 Str+4}
   (You found it on level 6 of the Dungeon)

   It inflicts extra damage upon your enemies.
   It affects your strength (+4).
   It affects your magic capacity (-9).
   It lets you turn invisible.
Missiles
 b - 269 stones (quivered)
Armour
 u - a +1 helmet (worn)
 C - a +0 buckler
 E - a +1 cloak (worn)
 Q - a +0 leather armour of cold resistance
 X - a +1 leather armour of fire resistance (worn)
Jewellery
 r - a ring of resist corrosion (right hand)
 I - an amulet of dismissal (around neck)
 R - a ring of protection from cold (left hand)
 T - an uncursed ring of ice
Wands
 B - a wand of confusion (37/48)
 F - a wand of flame (24/48)
 H - a wand of iceblast (10/15)
 N - a wand of paralysis (0/24)
Scrolls
 g - 2 scrolls of teleportation
 k - 4 scrolls of remove curse
 o - 5 scrolls of immolation
 p - a scroll of noise {unknown}
 v - 2 scrolls of enchant weapon
 z - a scroll of blinking {unknown}
 J - a scroll of amnesia {unknown}
 M - 3 scrolls of recharging
 U - a scroll of fog {unknown}
Potions
 f - a potion of resistance
 h - a potion of invisibility {unknown}
 q - a potion of brilliance {unknown}
 s - a potion of mutation {unknown}
 D - a potion of might {unknown}
 O - a potion of berserk rage {unknown}
 P - a potion of lignification {unknown}
 W - a potion of agility
Books
 c - a book of Clouds

   Spells                             Type                      Level
   a - Mephitic Cloud                 Conjuration/Poison/Air       3
   b - Conjure Flame                  Conjuration/Fire             3
   c - Poisonous Cloud                Conjuration/Poison/Air       6
   d - Freezing Cloud                 Conjuration/Ice/Air          6
   e - Ring of Flames                 Charms/Fire                  7
 e - a book of Geomancy

   Spells                             Type                      Level
   a - Sandblast                      Earth                        1
   b - Passwall                       Transmutation/Earth          2
   c - Stone Arrow                    Conjuration/Earth            3
   d - Petrify                        Transmutation/Earth          4
   e - Lee's Rapid Deconstruction     Earth                        5
 i - a book of Air

   Spells                             Type                      Level
   a - Shock                          Conjuration/Air              1
   b - Swiftness                      Charms/Air                   2
   c - Repel Missiles                 Charms/Air                   2
   d - Static Discharge               Conjuration/Air              3
   e - Lightning Bolt                 Conjuration/Air              5
 w - a book of Dreams

   Spells                             Type                      Level
   a - Ensorcelled Hibernation        Hexes/Ice                    2
   b - Silence                        Hexes/Air                    5
   c - Darkness                       Hexes                        6
   d - Shadow Creatures               Summoning                    6
Comestibles
 d - 7 bread rations
 l - a beef jerky
 n - 3 slices of pizza
 t - 7 meat rations
 x - 10 fruits


   Skills:
 - Level 5.0 Fighting
 - Level 3.0 Staves
 - Level 4.1 Dodging
 - Level 2.1 Stealth
 - Level 4.0 Shields
 + Level 4.4 Spellcasting
 - Level 4.4 Conjurations
 - Level 4.2 Transmutations
 - Level 9.3 Earth Magic
 - Level 5.0 Invocations


You had 2 spell levels left.
You knew the following spells:

 Your Spells              Type           Power        Failure   Level  Hunger
a - Sandblast             Erth           ######       1%          1    None
b - Stone Arrow           Conj/Erth      #####.       1%          3    ##.....
c - Passwall              Tmut/Erth      #####.....   1%          2    None
d - Petrify               Tmut/Erth      #####...     8%          4    ####...
e - Lee's Rapid Deconstr  Erth           ######....   8%          5    #####..


Dungeon Overview and Level Annotations

Branches:
Dungeon (8/15)             Temple (0/1) D:6
   Lair: D:8-11

Altars:
Ashenzari
Cheibriados
Elyvilon
Fedhas
Okawaru
Ru
Vehumet
Zin
The Shining One


Innate Abilities, Weirdness & Mutations

You are resistant to torment.
Your stone body is resilient. (AC +7)
You are immune to poison.
You resist negative energy. (rN+)
You are resistant to electric shocks. (rElec)
You can survive without breathing.
You are immune to petrification.
You are immune to rotting.


Message History

Casting: Stone Arrow
Confirm with . or Enter, or press ? or * to list all spells.
Okay, then.
Unknown command.
Okay, then.
Okay, then.
Okay, then.
Okay, then.
Unknown command.
Evoke which item? (* to show all) (? for menu, Esc to quit)
Zapping:
B - a wand of confusion (will waste charges)
Press: ? - help, Shift-Dir - straight line, f - death yak
Aim: a death yak (moderately wounded, chance to defeat MR: 1%)
Okay, then.
Unknown command.
The flow of time bends around you.
Cheibriados rebukes the death yak.
The death yak seems to slow down.
You feel slightly more hungry. The death yak gores you!!
You die...

###.# #####
#.########.
#.######...#
#.##.....).
#>.........#
######.##.###...
########...#
#......# ##..
##)## #.######
#.# #.# #.# #.#
#.# #.# #.#
#.####.### #.#
#...@YY..# #..
#.#####..#
..##### #.# ..#
)...... #.# ...Z
..####. #.#
..#.. #. #.#
..#...# #. ..#
... ..# #. #.
..# .. #. #.


You could see a death yak and a yak.

Vanquished Creatures
  A gargoyle (D:7)
  Grinder (D:3)
  3 wraiths (D:8)
  A yak (D:8)
  Edmund (D:5)
  An ice beast (D:7)
  A black bear (D:7)
  A sky beast (D:6)
  3 orc warriors
  2 phantoms (D:4)
  An ogre (D:8)
  A big kobold (D:4)
  Blork the orc (D:6)
  4 bullfrogs
  A wyvern skeleton (D:7)
  2 scorpions
  2 howler monkeys (D:4)
  5 crimson imps
  A quasit (D:8)
  5 orc priests
  2 centaur skeletons (D:4)
  2 hounds (D:5)
  A bullfrog skeleton (D:4)
  An iguana (D:7)
  Jessica (D:2)
  Natasha (thrice) (D:2)
  Terence (D:3)
  9 orc wizards
  7 worker ants
  A gnoll (D:1)
  12 adders
  A shadow imp (D:7)
  A white imp (D:8)
  A worker ant simulacrum (D:8)
  An ufetubus (D:8)
  2 oozes
  2 adder skeletons
  3 worms
  A dart slug (D:1)
  4 leopard geckos
  15 orcs
  5 giant cockroaches
  10 goblins
  10 hobgoblins
  8 jackals
  30 kobolds
  3 quokkas
  A ball python (D:2)
  8 bats
  8 frilled lizards
  A jackal zombie (D:7)
  A leopard gecko skeleton (D:7)
  A quokka skeleton (D:4)
  9 rats
204 creatures vanquished.

Vanquished Creatures (others)
  2 plants (D:4)
2 creatures vanquished.

Grand Total: 206 creatures vanquished

Notes
Turn   | Place    | Note
-------+----------+-------------------------------------------
     0 | D:1      | Lochraine the Gargoyle Earth Elementalist began the quest for the Orb.
     0 | D:1      | Reached XP level 1. HP: 10/10 MP: 3/3
   293 | D:1      | Reached skill level 4 in Earth Magic
   293 | D:1      | Reached XP level 2. HP: 15/15 MP: 3/5
   712 | D:1      | Reached XP level 3. HP: 19/19 MP: 6/6
   724 | D:1      | Reached skill level 5 in Earth Magic
  1103 | D:1      | Learned a level 3 spell: Stone Arrow
  1119 | D:2      | Reached skill level 1 in Conjurations
  1302 | D:2      | Reached XP level 4. HP: 24/24 MP: 7/7
  1354 | D:2      | Noticed Natasha
  1365 | D:2      | Killed Natasha
  1386 | D:2      | Noticed Natasha
  1408 | D:2      | Killed Natasha
  1408 | D:2      | Reached XP level 5. HP: 12/28 MP: 2/8
  1483 | D:2      | Noticed Jessica
  1498 | D:2      | Killed Jessica
  1627 | D:2      | Noticed Natasha
  1643 | D:2      | Killed Natasha
  1808 | D:2      | Upgraded the game from 0.19-a0-1815-g4007336 to 0.19-a0-1827-g174f941
  2011 | D:3      | Reached XP level 6. HP: 32/32 MP: 7/9
  2041 | D:3      | Found a snail-covered altar of Cheibriados.
  2049 | D:3      | Became a worshipper of Cheibriados the Contemplative
  2104 | D:3      | Noticed Grinder
  2113 | D:3      | Paralysed by Grinder for 5 turns
  2405 | D:3      | Noticed Terence
  2433 | D:3      | Found a white marble altar of Elyvilon.
  2433 | D:3      | Found a glowing golden altar of the Shining One.
  2434 | D:3      | Found a glowing silver altar of Zin.
  2540 | D:3      | Found a radiant altar of Vehumet.
  2555 | D:3      | Found a shattered altar of Ashenzari.
  2575 | D:3      | Paralysed by Grinder for 4 turns
  2589 | D:3      | Killed Grinder
  2589 | D:3      | Reached XP level 7. HP: 32/36 MP: 1/10
  2666 | D:3      | Found a blossoming altar of Fedhas.
  2732 | D:3      | Learned a level 2 spell: Passwall
  2740 | D:3      | Killed Terence
  2740 | D:3      | Reached skill level 1 in Transmutations
  2822 | D:4      | Reached * piety under Cheibriados
  2938 | D:4      | Reached ** piety under Cheibriados
  3502 | D:4      | Reached XP level 8. HP: 35/41 MP: 11/11
  3585 | D:4      | Found a sacrificial altar of Ru.
  4083 | D:5      | Entered Level 5 of the Dungeon
  4250 | D:5      | Noticed Edmund
  4296 | D:5      | Killed Edmund
  4296 | D:5      | Reached skill level 1 in Fighting
  4862 | D:5      | Reached *** piety under Cheibriados
  4933 | D:5      | Found an iron altar of Okawaru.
  5174 | D:6      | Reached skill level 1 in Staves
  5200 | D:6      | Learned a level 4 spell: Petrify
  5209 | D:6      | Found a staircase to the Ecumenical Temple.
  5262 | D:6      | Got a faintly glowing quarterstaff
  5263 | D:6      | Identified the +8 quarterstaff of Umaofal {crush, +Inv MP-9 Str+4} (You found it on level 6 of the Dungeon)
  5441 | D:6      | Reached XP level 9. HP: 44/51 MP: 15/15
  5575 | D:6      | Noticed Blork the orc
  5583 | D:6      | Killed Blork the orc
  5891 | D:7      | Reached skill level 6 in Earth Magic
  6076 | D:7      | Reached skill level 7 in Earth Magic
  6091 | D:7      | Reached **** piety under Cheibriados
  6179 | D:7      | Noticed a gargoyle
  6187 | D:7      | HP: 2/52 [gargoyle/stone arrow (24)]
  6194 | D:7      | Killed a gargoyle
  6194 | D:7      | Reached skill level 8 in Earth Magic
  6624 | D:7      | Learned a level 5 spell: Lee's Rapid Deconstruction
  6736 | D:7      | Reached skill level 9 in Earth Magic
  7090 | D:8      | Reached skill level 5 in Fighting
  7091 | D:8      | Noticed a polar bear
  7115 | D:7      | Reached skill level 1 in Invocations
  7124 | D:7      | Reached XP level 10. HP: 49/59 MP: 16/16
  7220 | D:8      | Reached skill level 5 in Invocations
  7433 | D:8      | Noticed a death yak
  7439 | D:8      | Demolished by a death yak

Vault maps used:
D:1:      elethiomel_arrival_maze
D:2:      uniq_natasha, uniq_jessica
D:3:      good_gods_mini_temple, nicolae_overflow_quartered_altars,
          uniq_terence, uniq_grinder
D:4:      kennysheep_kobold_camp, old_standard_altar, first_bread
D:5:      lemuel_coloured_pillars_altar, solitary_fountain,
          minmay_misc_feat_more_columns, uniq_edmund
D:6:      grunt_decor_arrowhead, uniq_blork_the_orc
D:8:      serial_ice, serial_ice_j, serial_ice_n, serial_ice_g, serial_ice_a,
          serial_ice_d, minmay_guarded_unrand_finisher

Skill      XL: |  1  2  3  4  5  6  7  8  9 10 |
---------------+-------------------------------+-----
Earth Magic    | 4 5 9 |  9.3
Conjurations   | 1 3 4 |  4.4
Dodging        | 2 3 4 |  4.1
Shields        | 3 4 |  4.0
Transmutations | 4 |  4.2
Spellcasting   | 4 |  4.4
Fighting       | 3 5 |  5.0
Staves         | 2 3 |  3.0
Invocations    | 2 5 |  5.0
Stealth        | |  2.1

Action                   |  1- 3 |  4- 6 |  7- 9 | 10-12 || total
-------------------------+-------+-------+-------+-------++-------
Melee: Unarmed           |    44 |       |       |       ||    44
       Spear             |     8 |       |       |       ||     8
       Dagger            |    62 |   103 |   240 |       ||   405
       Lajatang          |       |       |   233 |    36 ||   269
       Short sword       |       |       |    24 |       ||    24
       Quarterstaff      |       |       |       |     8 ||     8
 Cast: Sandblast         |    10 |    22 |     6 |       ||    38
       Stone Arrow       |       |     4 |    21 |     4 ||    29
       Lee's Rapid Decon |       |       |     3 |     1 ||     4
       Petrify           |       |       |     3 |       ||     3
       Passwall          |       |       |     2 |       ||     2
Invok: Bend Time         |       |       |     1 |     1 ||     2
       Slouch            |       |       |       |     1 ||     1
Evoke: Wand              |       |       |     1 |       ||     1
  Use: Scroll            |       |       |    12 |       ||    12
       Potion            |       |       |     3 |       ||     3
 Stab: Sleeping          |       |       |     5 |       ||     5
       Paralysed         |       |       |     4 |       ||     4
       Petrified         |       |       |     2 |       ||     2
       Petrifying        |       |       |     1 |       ||     1
  Eat: Chunk             |     2 |     5 |    11 |     1 ||    19
Armor: Robe              |    21 |     6 |    70 |       ||    97
       Ring mail         |    35 |    45 |       |       ||    80
       Leather armour    |       |       |   151 |    37 ||   188
Dodge: Dodged            |    83 |    68 |   278 |    48 ||   477
Block: Buckler           |       |       |    47 |       ||    47
